 Dungeon Crawl Stone Soup version 0.31-a0-175-g9f7f995f2b (webtiles) character file.

Game seed: 10237278244238756640

122 qw the Shooter (level 5, -1/49 HPs)
             Began as a Naga Hunter on June 16, 2023.
             Slain by a gnoll
             ... wielding a +0 spear
              (7 damage)
             ... on level 2 of the Dungeon.
             The game lasted 00:00:33 (1440 turns).

qw the Shooter (Naga Hunter)                        Turns: 1440, Time: 00:00:34

Health: -1/49      AC:  3    Str: 13    XL:     5   Next: 6%
Magic:  5/5        EV:  9    Int: 10    God:
Gold:   147        SH:  0    Dex: 16    Spells: 4/4 levels left

rFire   . . .        Y - +0 shortbow
rCold   . . .        (shield currently unavailable)
rNeg    . . .        c - +0 leather armour
rPois   +            (no helmet)
rElec   .            (no cloak)
rCorr   .            (no gloves)
SInv    +            (no barding)
Will    .....        (no amulet)
Stlth   ++           (no ring)
HPRegen 0.28/turn    (no ring)
MPRegen 0.09/turn

%: no passive effects
@: short of breath, very slow
A: AC +1, large, see invisible, deformed body, poison resistance, slowness 2,
spit poison 1, naga tail 1
a: Spit Poison


You were on level 2 of the Dungeon.
You visited 1 branch of the dungeon, and saw 2 of its levels.

You collected 147 gold pieces.


Innate Abilities, Weirdness & Mutations

Your serpentine skin is tough. (AC +1)
You have supernaturally acute eyesight. (SInv)
Armour fits poorly on your strangely shaped body.
Your system is resistant to poisons. (rPois)
You cover ground very slowly.
You can spit poison.
You have a snake-like lower body.


   Skills:
 - Level 3.0 Fighting
 + Level 5.2 Ranged Weapons
 - Level 1.5 Dodging
 - Level 1.5 Stealth


You had 4 spell levels left.
You didn't know any spells.
Your spell library was empty.

Inventory:

Hand Weapons
 Y - a +0 shortbow (weapon)
Armour
 c - a +0 leather armour (worn)
Jewellery
 b - an amulet of the acrobat
Scrolls
 a - a scroll of brand weapon {unknown}
 e - a scroll of summoning {unknown}
 g - a scroll of identify
Potions
 d - 4 potions of curing
 f - a potion of heal wounds {unknown}
 h - a potion of ambrosia {unknown}
 i - a potion of lignification {unknown}
 j - a potion of attraction {unknown}

Dungeon Overview and Level Annotations

Branches:
Dungeon (2/15)

Altars:
Elyvilon


Message History

You shoot an arrow. The arrow hits the gnoll.
The gnoll is moderately wounded.
The gnoll closely misses you.
A worm comes into view.
You shoot an arrow. The arrow hits the gnoll.
The gnoll is heavily wounded.
You have got your breath back.
The gnoll hits you from afar with a +0 halberd.
1435 ||| INVOKING Spit Poison.
Aiming: Spit Poison (1% risk of failure)
Press: ? - help, Shift-Dir - straight line, f/p - gnoll The splash of poison hits the gnoll.
The gnoll is almost dead.
The gnoll hits you from afar with a +0 spear.
The gnoll barely misses you.
You shoot an arrow. The arrow hits the gnoll!
You kill the gnoll!
The gnoll hits you from afar with a +0 spear!
The gnoll barely misses you.
The gnoll hits you from afar with a +0 spear!
You have reached level 5!
You shoot an arrow. The arrow hits the gnoll!
The gnoll is heavily wounded.
The gnoll closely misses you.
The gnoll hits you from afar with a +0 spear.
You shoot an arrow. The arrow hits the gnoll.
The gnoll is severely wounded.
You have got your breath back.
The gnoll hits you from afar with a +0 spear.
The gnoll hits you from afar with a +0 spear!
1439 ||| INVOKING Spit Poison.
Aiming: Spit Poison (1% risk of failure)
Press: ? - help, Shift-Dir - straight line, f/p - gnoll The splash of poison hits the gnoll.
The gnoll is almost dead.
The gnoll closely misses you. x2
You shoot an arrow. The arrow hits the gnoll.
You kill the gnoll!
The gnoll hits you from afar with a +0 spear!
You die...

.. .................#.
.....####.........#.
....(........#######.
.......%.....# #.
............# #####
..w..).....####....
#)g.......##.'....
######............#....
#:....@...........####.
#.................## ##
#.......######.....# #
#.......# #.....# .r
#.......# #.....#.?r
#.......# #>....#$S
#.......# #########
#.......# #########


You could see a worm and a gnoll.

Vanquished Creatures
  An orc wizard (D:2)
  2 adders (D:2)
  3 gnolls (D:2)
  2 worms (D:2)
  2 orcs (D:2)
  4 ball pythons (D:1)
  9 bats
  3 endoplasms
  4 giant cockroaches (D:2)
  4 goblins
  6 hobgoblins
  A quokka (D:1)
  2 frilled lizards
  A kobold (D:2)
  5 rats
49 creatures vanquished.

Notes
Turn   | Place    | Note
-------+----------+-------------------------------------------
     0 | D:1      | qw the Naga Hunter began the quest for the Orb.
     0 | D:1      | Reached XP level 1. HP: 19/19 MP: 1/1
     0 | D:1      | 0 ||| qw: Version: 0.2-a-29-g511e9b1
     0 | D:1      | 0 ||| qw: Game counter: 5645
     0 | D:1      | 0 ||| qw: Always use a shield: true
     0 | D:1      | 0 ||| qw: God list: Okawaru
     0 | D:1      | 0 ||| qw: Allow faded altars: false
     0 | D:1      | 0 ||| qw: Do Orc after D:15 true
     0 | D:1      | 0 ||| qw: Do second Lair branch before Depths: true
     0 | D:1      | 0 ||| qw: Lair rune preference: random
     0 | D:1      | 0 ||| qw: Plans: Normal
     0 | D:1      | 0 ||| PLANNING D:1-11
    90 | D:1      | 90 ||| INVOKING Spit Poison.
   144 | D:1      | 144 ||| INVOKING Spit Poison.
   201 | D:1      | 201 ||| INVOKING Spit Poison.
   205 | D:1      | 205 ||| INVOKING Spit Poison.
   207 | D:1      | Reached skill level 4 in Ranged Weapons
   207 | D:1      | Reached XP level 2. HP: 26/26 MP: 2/2
   208 | D:1      | 208 ||| INVOKING Spit Poison.
   251 | D:1      | 251 ||| INVOKING Spit Poison.
   252 | D:1      | 252 ||| INVOKING Spit Poison.
   301 | D:1      | 301 ||| INVOKING Spit Poison.
   488 | D:1      | 488 ||| INVOKING Spit Poison.
   509 | D:1      | 509 ||| INVOKING Spit Poison.
   516 | D:1      | 516 ||| INVOKING Spit Poison.
   618 | D:1      | 618 ||| INVOKING Spit Poison.
   619 | D:1      | Reached XP level 3. HP: 32/32 MP: 3/3
   720 | D:1      | 720 ||| DROPPING ring of magical power.
   721 | D:1      | 721 ||| READING 2 scrolls labelled ICZUTH UG HUHA.
   722 | D:1      | 722 ||| READING scroll labelled GAOD GEUQABLI.
   723 | D:1      | 723 ||| READING scroll labelled LARUBBU LICU.
   727 | D:1      | 727 ||| READING scroll labelled NILUHE UTETE.
   787 | D:1      | 787 ||| DRINKING 3 blue potions.
   788 | D:1      | 788 ||| DROPPING scroll of fog.
   789 | D:1      | 789 ||| DROPPING scroll of butterflies.
   816 | D:2      | Found a white marble altar of Elyvilon.
   817 | D:2      | 817 ||| INVOKING Spit Poison.
   820 | D:2      | 820 ||| INVOKING Spit Poison.
   825 | D:2      | 825 ||| INVOKING Spit Poison.
   873 | D:2      | 873 ||| INVOKING Spit Poison.
   876 | D:2      | 876 ||| INVOKING Spit Poison.
   898 | D:2      | 898 ||| Stepping ~*~*~tactically~*~*~ (outnumbered).
   901 | D:2      | 901 ||| INVOKING Spit Poison.
   905 | D:2      | 905 ||| INVOKING Spit Poison.
   907 | D:2      | Reached skill level 5 in Ranged Weapons
   907 | D:2      | Reached XP level 4. HP: 25/39 MP: 4/4
   987 | D:2      | 987 ||| INVOKING Spit Poison.
   994 | D:2      | 994 ||| INVOKING Spit Poison.
  1017 | D:2      | 1017 ||| INVOKING Spit Poison.
  1021 | D:2      | 1021 ||| INVOKING Spit Poison.
  1027 | D:2      | 1027 ||| INVOKING Spit Poison.
  1133 | D:2      | 1133 ||| INVOKING Spit Poison.
  1147 | D:2      | 1147 ||| INVOKING Spit Poison.
  1156 | D:2      | 1156 ||| INVOKING Spit Poison.
  1157 | D:2      | Reached skill level 3 in Fighting
  1238 | D:2      | 1238 ||| INVOKING Spit Poison.
  1300 | D:2      | 1300 ||| INVOKING Spit Poison.
  1343 | D:2      | 1343 ||| INVOKING Spit Poison.
  1377 | D:2      | 1377 ||| INVOKING Spit Poison.
  1430 | D:2      | 1430 ||| INVOKING Spit Poison.
  1435 | D:2      | 1435 ||| INVOKING Spit Poison.
  1437 | D:2      | Reached XP level 5. HP: 22/49 MP: 5/5
  1438 | D:2      | HP: 5/49 [gnoll/+0 spear (8)]
  1439 | D:2      | 1439 ||| INVOKING Spit Poison.
  1440 | D:2      | Slain by a gnoll

Levels and vault maps discovered:
D:1:      dpeg_arrival_chambers_temple_mockup, layout_loops_cross
D:2:      layout_basic, basic_altar, lightli_corner_chamber

Skill      XL: |  1  2  3  4 |
---------------+-------------+-----
Ranged Weapons | 4 5 |  5.2
Fighting       | 3 |  3.0
Dodging        | |  1.5
Stealth        | |  1.5

Action                     |  1- 3 |  4- 6 || total
---------------------------+-------+-------++-------
   Fire: Shortbow          |    38 |    44 ||    82
Ability: Spit Poison       |    18 |    15 ||    33
    Use: Scroll            |     4 |       ||     4
         Potion            |     1 |       ||     1
 Armour: Leather armour    |     4 |     2 ||     6
  Dodge: Dodged            |     7 |    14 ||    21

Table legend:
 A = Non-vault XP
 B = Vault XP
 C = Vault XP percentage of total XP
 D = Non-vault monster count
 E = Vault monster count
 F = Vault count percentage of total count
                 A         B        C        D         E       F
            +---------+---------+-------+---------+---------+-------
      Total |     189 |       0 |   0.0 |      49 |       0 |   0.0
            +---------+---------+-------+---------+---------+-------
        D:1 |      36 |       0 |   0.0 |      21 |       0 |   0.0
        D:2 |     153 |       0 |   0.0 |      28 |       0 |   0.0
            +---------+---------+-------+---------+---------+-------
